 Dungeon Crawl Stone Soup version 0.19-a0-994-g3c636f0 (webtiles) character file.

48 Musica the Conjurer (level 3, 0/21 HPs)
             Began as an Octopode Conjurer on July 15, 2016.
             Slain by a gnoll
             ... wielding a +0 whip
              (8 damage)
             ... on level 2 of the Dungeon.
             The game lasted 00:04:22 (1204 turns).

Musica the Conjurer (Octopode Conjurer)             Turns: 1204, Time: 00:04:22

Health: 0/21       AC:  1    Str:  7    XL:     3   Next: 72%
Magic:  1/6        EV: 12    Int: 18    God:
Gold:   50         SH:  0    Dex: 12    Spells: 1 memorised, 6 levels left

rFire  . . .     SeeInvis .     g - +0 dagger
rCold  . . .     Gourm    .     (no shield)
rNeg   . . .     Faith    .     (helmet restricted)
rPois  .         Spirit   .     (no amulet)
rElec  .         Dismiss  .     (no ring)
rCorr  .         Reflect  .     (no ring)
SustAt .         Harm     .     (no ring)
MR     .....                    (no ring)
Stlth  +++.......               (no ring)
                                (no ring)
                                (no ring)
                                (no ring)

@: not resistant to hostile enchantments, fairly stealthy
A: almost no armour, amphibious, 8 rings, constrict 8, camouflage 1, gelatinous
body 1
a: no special abilities


You were on level 2 of the Dungeon.
You were not hungry.

You visited 1 branch of the dungeon, and saw 3 of its levels.

You collected 50 gold pieces.

Inventory:

Hand Weapons
 g - a +0 dagger (weapon)
Missiles
 e - 25 bolts
 j - 19 poisoned needles
Scrolls
 h - a scroll of recharging {unknown}
 l - a scroll of enchant weapon {unknown}
 m - a scroll of identify {unknown}
 o - a scroll of amnesia {unknown}
 q - a scroll of random uselessness {unknown}
 r - a scroll of enchant armour {unknown}
Potions
 c - 2 potions of haste {unknown}
 d - 2 potions of ambrosia {unknown}
 i - a potion of lignification {unknown}
 k - a potion of curing {unknown}
 n - a potion of cancellation {unknown}
Books
 a - a book of Conjurations

   Spells                             Type                      Level
   a - Magic Dart                     Conjuration                  1
   b - Searing Ray                    Conjuration                  2
   c - Dazzling Spray                 Conjuration/Hexes            3
   d - Fulminant Prism                Conjuration/Hexes            4
   e - Iskenderun's Mystic Blast      Conjuration                  4
   f - Iskenderun's Battlesphere      Conjuration/Charms           5
Comestibles
 b - a bread ration
 f - a meat ration


   Skills:
 - Level 2.0 Dodging
 + Level 2.9 Stealth
 * Level 2.6 Spellcasting
 + Level 4.8 Conjurations


You had 6 spell levels left.
You knew the following spells:

 Your Spells              Type           Power        Failure   Level  Hunger
a - Magic Dart            Conj           ###.         2%          1    #......


Dungeon Overview and Level Annotations

Branches:
Dungeon (3/15)

Altars:
Sif Muna


Innate Abilities, Weirdness & Mutations

You cannot wear most types of armour.
You are amphibious.
You can wear up to eight rings at the same time.
You can use your tentacles to constrict eight enemies at once.
Your skin changes colour to match your surroundings (Stealth+).
Your rubbery body absorbs attacks. (AC +1)


Message History

The magic dart hits the gnoll.
The gnoll is almost dead.
The gnoll closely misses you.
Casting: Magic Dart
Confirm with . or Enter, or press ? or * to list all spells.
Aiming: Magic Dart
Press: ? - help, Shift-Dir - straight line, f/p - gnoll
Aim: a gnoll, wielding a club (almost dead)
The magic dart hits the gnoll.
You kill the gnoll!
You barely miss the gnoll. You grab the gnoll. You constrict the gnoll.
The gnoll hits you with a whip!
You hit the gnoll but do no damage.
The gnoll is lightly wounded.
You constrict the gnoll. The gnoll hits you with a whip.
You hit the gnoll but do no damage.
The gnoll is moderately wounded.
You constrict the gnoll, but do no damage.
The gnoll hits you with a whip!
You die...

##########
#...>@g..#
#.######.# #.#
#.########## #.#
####)#.g......####
#.#
#......####.#.....
#.#
#.##.#####...#####
#.# #.##[# #..<..#
#.###.##.# ##...##
#........# ##.##


You could see a gnoll.

Vanquished Creatures
  A gnoll (D:2)
  3 worms (D:2)
  2 dart slugs
  A ball python (D:1)
  3 giant cockroaches (D:1)
  A goblin (D:1)
  A hobgoblin (D:1)
  A quokka (D:2)
  4 bats
  4 giant newts
  3 kobolds
  3 rats
27 creatures vanquished.

Notes
Turn   | Place    | Note
-------+----------+-------------------------------------------
     0 | D:1      | Musica the Octopode Conjurer began the quest for the Orb.
     0 | D:1      | Reached XP level 1. HP: 11/11 MP: 3/3
   258 | D:1      | Found a deep blue altar of Sif Muna.
   263 | D:1      | Reached XP level 2. HP: 17/17 MP: 0/5
   649 | D:2      | Reached XP level 3. HP: 14/21 MP: 0/6
  1204 | D:2      | Slain by a gnoll

Vault maps used:
D:1:      roderic_crop_circles_arrival_small, kennysheep_flooded_box
D:2:      minmay_tripent
D:3:      ecumenical_altar_2, minmay_rat_hole, uniq_jessica,
          uniq_crazy_yiuf_cottage, uniq_natasha

Action                   || total
-------------------------++-------
Melee: Dagger            ||    17
       Constrict         ||     4
 Cast: Magic Dart        ||    60
 Stab: Sleeping          ||     5
  Eat: Chunk             ||     1
Dodge: Dodged            ||    10
